[Event "Gibraltar Masters 18th"]
[Site "Gibraltar"]
[Date "2020.01.25"]
[Round "5.19"]
[White "Barbosa, Evandro Amorim"]
[Black "Kobalia, Mikhail"]
[Result "0-1"]
[ECO "B19"]
[WhiteElo "2501"]
[BlackElo "2609"]
[PlyCount "90"]
[EventDate "2020.01.21"]
[EventType "swiss"]
[EventRounds "10"]
[EventCountry "GGB"]
[SourceTitle "BritBase"]
[Source "John Saunders"]
[SourceDate "2021.06.05"]
[SourceVersion "1"]
[SourceVersionDate "2021.06.05"]
[SourceQuality "1"]
[TimeControl "40/100:0"]
[WhiteClock "0:31:06"]
[BlackClock "0:41:19"]

1. e4 c6 2. d4 d5 3. Nc3 dxe4 4. Nxe4 Bf5 5. Ng3 Bg6 6. h4 h6 7. Nf3 Nd7 8. h5 Bh7 9. Bd3 Bxd3 10. Qxd3 e6 11. Bd2 Ngf6 12. O-O-O Be7 13. Kb1 Qb6 14. c4 Rd8 15. Ne4 O-O 16. Bc3 c5 17. Nxf6+ Bxf6 18. Qe3 cxd4 19. Bxd4 Bxd4 20. Rxd4 e5 21. Rd5 e4 22. Rhd1 Qc7 23.
Qd4 exf3 24. gxf3 Qc6 25. b3 a5 26. f4 a4 27. Rd6 Qg2 28. bxa4 Qg4 29. Rd5 Ra8 30. f3 Qh4 31. Rxd7 Qxh5 32. Rg1 g6 33. Rd5 Qxf3 34. Rd6 Ra6 35. c5 Re8 36. Qc4 Re6 37. Rd8+ Kh7 38. Rd7 Kg8 39. Rd8+ Kg7 40. Rd7 Rf6 41. Rf1 Qc6 42. Rd4 Ra5 43. Rc1 b6 44. cxb6 Qxb6+ 45. Ka1 Rc6 0-1

[Event "Gibraltar Masters 18th"]
[Site "Gibraltar"]
[Date "2020.01.25"]
[Round "5.20"]
[White "Yilmaz, Mustafa"]
[Black "Abdumalik, Zhansaya"]
[Result "1/2-1/2"]
[ECO "D97"]
[WhiteElo "2607"]
[BlackElo "2471"]
[PlyCount "80"]
[EventDate "2020.01.21"]
[EventType "swiss"]
[EventRounds "10"]
[EventCountry "GGB"]
[SourceTitle "BritBase"]
[Source "John Saunders"]
[SourceDate "2021.06.05"]
[SourceVersion "1"]
[SourceVersionDate "2021.06.05"]
[SourceQuality "1"]
[TimeControl "40/100:0"]
[WhiteClock "0:00:40"]
[BlackClock "0:01:11"]

1. d4 Nf6 2. c4 g6 3. Nc3 d5 4. Nf3 Bg7 5. Qb3 dxc4 6. Qxc4 Na6 7. e4 O-O 8. e5 Nd7 9. e6 fxe6 10. Be3 Nb6 11. Qb3 Qd6 12. Bxa6 bxa6 13. Ng5 a5 14. O-O Rf5 15. Rfe1 Nd5 16. Nge4 Qb6 17. Qc2 Rb8 18. Na4 Qb5 19. Rad1 Bb7 20. b3 Nb4 21. Qb1 Qc6 22. f3 Qc2 23. Rd2 Qxb1 24. Rxb1 Rd8 25. Nac3 Nd5 26. Nxd5 Rfxd5 27. Rbd1 h6 28. Kf2 Kf7 29. Rc1 Rc8 30. Nc5 Ba8 31. Rc4 g5 32. h3 Rcd8 33. Ke2 e5 34. dxe5 Bxe5 35. Ra4 Bc6 36. Rxa5 Rxd2+ 37. Bxd2 Rd5 38. a4 Bd4 39. Nd3 Ke6 40. Rxd5 Bxd5 1/2-1/2

[Event "Gibraltar Masters 18th"]
[Site "Gibraltar"]
[Date "2020.01.25"]
[Round "5.21"]
[White "Gagare, Shardul"]
[Black "Karthikeyan, Murali"]
[Result "1/2-1/2"]
[ECO "C55"]
[WhiteElo "2481"]
[BlackElo "2606"]
[PlyCount "110"]
[EventDate "2020.01.21"]
[EventType "swiss"]
[EventRounds "10"]
[EventCountry "GGB"]
[SourceTitle "BritBase"]
[Source "John Saunders"]
[SourceDate "2021.06.05"]
[SourceVersion "1"]
[SourceVersionDate "2021.06.05"]
[SourceQuality "1"]
[TimeControl "40/100:0"]
[WhiteClock "0:00:59"]
[BlackClock "0:04:05"]

1. e4 e5 2. Bc4 Nf6 3. d3 Nc6 4. Nf3 h6 5. O-O d6 6. d4 Bg4 7. dxe5 dxe5 8. Nbd2 Bc5 9. c3 O-O 10. b4 Bb6 11. Qc2 Re8 12. Re1 a5 13.
b5 Nb8 14. Be2 Nbd7 15. Nc4 Bc5 16. a4 Qe7 17. h3 Bxf3 18.
Bxf3 Nb6 19. Nd2 Bd6 20. Nf1 Qf8 21. h4 h5 22. Ne3 Bc5 23.
Nf5 Re6 24. Qe2 g6 25. Bh6 Qc8 26. Ne3 Bf8 27. Bg5 Nh7 28. Rad1 f6 29. g4 fxg5 30. gxh5 Qe8 31. hxg6 Qxg6 32. h5 Qf7 33. Bg4 Rd6 34. Bf5 Rad8 35. Ng4 Nxa4 36. Rxd6 Rxd6 37. Nxe5 Qb3 38. Qf3 Nf6 39. Ng6 Qxc3 40. Qxc3 Nxc3 41. e5 Nxh5 42. exd6 Bxd6 43. Bd3 Kg7 44. Ne5 Nf4 45. Bc4 b6 46. Nf3 Kf6 47. Re3 Nd1 48. Re1 Nb2 49. Ba2 Nbd3 50. Re8 Bc5 51. Kf1 Nxf2 52. Ne5 N2d3 53. Nd7+ Kg6 54. Nxc5 Nxc5 55. Re7 Nfe6 1/2-1/2

[Event "Gibraltar Masters 18th"]
[Site "Gibraltar"]
[Date "2020.01.25"]
[Round "5.22"]
[White "Pichot, Alan"]
[Black "Trent, Lawrence"]
[Result "1-0"]
[ECO "C54"]
[WhiteElo "2606"]
[BlackElo "2383"]
[PlyCount "73"]
[EventDate "2020.01.21"]
[EventType "swiss"]
[EventRounds "10"]
[EventCountry "GGB"]
[SourceTitle "BritBase"]
[Source "John Saunders"]
[SourceDate "2021.06.05"]
[SourceVersion "1"]
[SourceVersionDate "2021.06.05"]
[SourceQuality "1"]
[TimeControl "40/100:0"]
[WhiteClock "0:03:47"]
[BlackClock "0:00:58"]

1. e4 e5 2. Nf3 Nc6 3. Bc4 Bc5 4. O-O Nf6 5. d3 d6 6. c3 a6 7. a4 Ba7 8. Nbd2 h6 9. b4 Ne7 10. Re1 O-O 11. Nf1 Ng6 12. Ng3 c6 13.
Be3 Bxe3 14. Rxe3 a5 15. b5 d5 16. Ba2 dxe4 17. Nxe4 Nxe4 18. Rxe4 Bf5 19. Re3 cxb5 20. axb5 Qc7 21. d4 Bg4 22. Qc2 exd4 23.
Nxd4 Kh8 24. Rae1 Qb6 25. h3 Bd7 26. Rf3 Rae8 27. Rxe8 Bxe8 28. Qe4 a4 29. h4 Qc5 30. g3 Qe7 31. Re3 Qxe4 32. Rxe4 h5 33.
c4 b6 34. f4 Kh7 35. f5 Nh8 36. Re7 g6 37. f6 1-0

[Event "Gibraltar Masters 18th"]
[Site "Gibraltar"]
[Date "2020.01.25"]
[Round "5.23"]
[White "Ravi, Teja S"]
[Black "Praggnanandhaa, Rameshbabu"]
[Result "0-1"]
[ECO "E04"]
[WhiteElo "2464"]
[BlackElo "2602"]
[PlyCount "52"]
[EventDate "2020.01.21"]
[EventType "swiss"]
[EventRounds "10"]
[EventCountry "GGB"]
[SourceTitle "BritBase"]
[Source "John Saunders"]
[SourceDate "2021.06.05"]
[SourceVersion "1"]
[SourceVersionDate "2021.06.05"]
[SourceQuality "1"]
[TimeControl "40/100:0"]
[WhiteClock "0:18:35"]
[BlackClock "0:16:38"]

1. d4 Nf6 2. Nf3 d5 3. c4 e6 4. g3 dxc4 5. Bg2 a6 6. O-O Nc6 7. e3 Rb8 8. Nfd2 e5 9. Bxc6+ bxc6 10. dxe5 Ng4 11. Nxc4 Be6 12. Nbd2 Bb4 13. b3 h5 14. f3 Nxe3 15. Nxe3 Qd4 16. a3 Be7 17. Qc2 Qxe3+ 18. Kg2 h4 19. Ne4 Qxb3 20. Qxc6+ Bd7 21. Qxc7 hxg3 22. h4 Rc8 23. Nd6+ Bxd6 24. Qxd6 Rxh4 25. Bd2 Rc6 26. Rab1 Rxd6 0-1

[Event "Gibraltar Masters 18th"]
[Site "Gibraltar"]
[Date "2020.01.25"]
[Round "5.24"]
[White "Sardana, Rishi"]
[Black "Can, Emre"]
[Result "1/2-1/2"]
[ECO "B70"]
[WhiteElo "2437"]
[BlackElo "2600"]
[PlyCount "123"]
[EventDate "2020.01.21"]
[EventType "swiss"]
[EventRounds "10"]
[EventCountry "GGB"]
[SourceTitle "BritBase"]
[Source "John Saunders"]
[SourceDate "2021.06.05"]
[SourceVersion "1"]
[SourceVersionDate "2021.06.05"]
[SourceQuality "1"]
[TimeControl "40/100:0"]
[WhiteClock "0:18:10"]
[BlackClock "0:44:23"]

1. e4 c5 2. Nf3 d6 3. d4 cxd4 4. Nxd4 Nf6 5. Nc3 g6 6. g3 Bg7 7. Bg2 O-O 8. O-O Nc6 9. Nde2 Rb8 10. a4 a6 11. Nd5 b5 12. axb5 axb5 13.
c3 b4 14. Nd4 Nxd4 15. Nxf6+ exf6 16. cxd4 f5 17. Be3 Re8 18. exf5 Bxf5 19. Bc6 Bd7 20. Qa4 Bxc6 21. Qxc6 h5 22. Ra7 Qf6 23. Qd5 Qe6 24. Qxe6 fxe6 25. Rc1 b3 26. Rcc7 Bf6 27. Rf7 Rf8 28. Rab7 Ra8 29. Rfd7 d5 30. Rd6 Rfb8 31. Rxb8+ Rxb8 32. Rxe6 Kf7 33. Ra6 Rb4 34. Kf1 Bxd4 35. Bxd4 Rxd4 36. Rb6 Rd2 37. Rxb3 Kf6 38. Ke1 Rc2 39. h4 Ke5 40. Rb6 Kf5 41. Rb4 Ke5 42. Rb6 Kf5 43. b3 Rb2 44. Kf1 d4 45.
Rd6 Rb1+ 46. Ke2 Rb2+ 47. Ke1 Rb1+ 48. Kd2 Rb2+ 49. Kc1 Rxb3 50. Rxd4 Rf3 51. Rd2 Kg4 52. Kd1 Kh3 53. Ke1 Kg2 54. Rd6 Rxf2 55. Rxg6 Rf3 56. Rg5 Rxg3 57. Rxh5 Kh3 58. Rh8 Kg4 59. h5 Rh3 60. h6 Kg5 61. Rg8+ Kf6 62. Rh8 1/2-1/2

[Event "Gibraltar Masters 18th"]
[Site "Gibraltar"]
[Date "2020.01.25"]
[Round "5.25"]
[White "Chen, Qi B"]
[Black "Vaibhav, Suri"]
[Result "1/2-1/2"]
[ECO "B55"]
[WhiteElo "2432"]
[BlackElo "2593"]
[PlyCount "67"]
[EventDate "2020.01.21"]
[EventType "swiss"]
[EventRounds "10"]
[EventCountry "GGB"]
[SourceTitle "BritBase"]
[Source "John Saunders"]
[SourceDate "2021.06.05"]
[SourceVersion "1"]
[SourceVersionDate "2021.06.05"]
[SourceQuality "1"]
[TimeControl "40/100:0"]
[WhiteClock "1:03:24"]
[BlackClock "0:28:09"]

1. e4 c5 2. Nf3 d6 3. d4 cxd4 4. Nxd4 Nf6 5. f3 e5 6. Nb3 d5 7. Bg5 Be6 8. Bxf6 gxf6 9. exd5 Qxd5 10. Qxd5 Bxd5 11. Nc3 Be6 12. O-O-O Nd7 13. Nb5 Ke7 14. Nc7 Bh6+ 15. Kb1 Rad8 16. Nd5+ Bxd5 17. Rxd5 Nc5 18. Bc4 Rxd5 19. Bxd5 Rd8 20. c4 Nxb3 21. axb3 f5 22. Re1 Kf6 23. Kc2 a5 24. Ra1 b6 25. b4 axb4 26. Ra7 Be3 27. Rxf7+ Kg6 28. Re7 Bd4 29. Re6+ Kg7 30. h4 h5 31. Re7+ Kf6 32. Re6+ Kg7 33.
Re7+ Kf6 34. Re6+ 1/2-1/2

[Event "Gibraltar Masters 18th"]
[Site "Gibraltar"]
[Date "2020.01.25"]
[Round "5.26"]
[White "Ivanchuk, Vassily"]
[Black "Pogonina, Natalija"]
[Result "1/2-1/2"]
[ECO "D37"]
[WhiteElo "2698"]
[BlackElo "2479"]
[PlyCount "65"]
[EventDate "2020.01.21"]
[EventType "swiss"]
[EventRounds "10"]
[EventCountry "GGB"]
[SourceTitle "BritBase"]
[Source "John Saunders"]
[SourceDate "2021.06.05"]
[SourceVersion "1"]
[SourceVersionDate "2021.06.05"]
[SourceQuality "1"]
[TimeControl "40/100:0"]
[WhiteClock "0:46:26"]
[BlackClock "0:01:56"]

1. Nf3 d5 2. d4 Nf6 3. c4 e6 4. Nc3 Nbd7 5. e3 Be7 6. b3 O-O 7. Bb2 b6 8. cxd5 exd5 9. Rc1 a6 10. g3 Bb7 11. Bg2 Bd6 12. O-O Re8 13.
Nd2 Rb8 14. Qc2 b5 15. Rfe1 h6 16. Ne2 Ne4 17. f3 Nxd2 18. Qxd2 c5 19. dxc5 Nxc5 20. Nf4 Bf8 21. Red1 Qg5 22. Nxd5 Qxd5 23. Qxd5 Bxd5 24. Rxd5 Rxe3 25. Bf1 Nb7 26. f4 Ree8 27. Bh3 Rbd8 28. Rxd8 Rxd8 29. Rc2 Nc5 30. Kf1 b4 31. Bg2 a5 32. Bc6 Nd3 33. Bb5 1/2-1/2

[Event "Gibraltar Masters 18th"]
[Site "Gibraltar"]
[Date "2020.01.25"]
[Round "5.27"]
[White "Song, Raymond"]
[Black "Matlakov, Maxim"]
[Result "1/2-1/2"]
[ECO "B51"]
[WhiteElo "2478"]
[BlackElo "2698"]
[PlyCount "60"]
[EventDate "2020.01.21"]
[EventType "swiss"]
[EventRounds "10"]
[EventCountry "GGB"]
[SourceTitle "BritBase"]
[Source "John Saunders"]
[SourceDate "2021.06.05"]
[SourceVersion "1"]
[SourceVersionDate "2021.06.05"]
[SourceQuality "1"]
[TimeControl "40/100:0"]
[WhiteClock "0:57:21"]
[BlackClock "0:26:17"]

1. e4 c5 2. Nf3 d6 3. Bb5+ Nd7 4. d4 cxd4 5. Qxd4 a6 6. Bxd7+ Bxd7 7. c4 e6 8. Nc3 Nf6 9. Bg5 Bc6 10. O-O Be7 11. Qd3 O-O 12. Nd4 Rc8 13.
b3 Qa5 14. Bd2 Qh5 15. f3 Rfd8 16. Rad1 Be8 17. Rfe1 h6 18. Kh1 Nd7 19. Be3 Qa5 20. Bd2 Qc5 21. Be3 Qa5 22. Bd2 Qc5 23. Be3 Qc7 24. Qd2 Nf6 25. Rc1 b6 26. Qf2 Qb7 27. a4 Nd7 28. Qg3 Kh7 29. Red1 Nc5 30.
Rb1 Bf6 1/2-1/2

[Event "Gibraltar Masters 18th"]
[Site "Gibraltar"]
[Date "2020.01.25"]
[Round "5.28"]
[White "Saric, Ivan"]
[Black "Girya, Olga"]
[Result "1-0"]
[ECO "B12"]
[WhiteElo "2655"]
[BlackElo "2477"]
[PlyCount "121"]
[EventDate "2020.01.21"]
[EventType "swiss"]
[EventRounds "10"]
[EventCountry "GGB"]
[SourceTitle "BritBase"]
[Source "John Saunders"]
[SourceDate "2021.06.05"]
[SourceVersion "1"]
[SourceVersionDate "2021.06.05"]
[SourceQuality "1"]
[TimeControl "40/100:0"]
[WhiteClock "0:57:07"]
[BlackClock "0:00:40"]

1. e4 c6 2. d4 d5 3. e5 Bf5 4. Nf3 e6 5. Be2 Ne7 6. O-O c5 7. Na3 Nec6 8. c4 Be4 9. Nb5 a6 10. Nc3 Bxf3 11. Bxf3 cxd4 12. cxd5 dxc3 13. dxc6 Nxc6 14. bxc3 Qc7 15. Rb1 Bc5 16. Qa4 O-O 17. Rxb7 Qxb7 18. Bxc6 Qc7 19. Bxa8 Rxa8 20. Bf4 Qb6 21. h4 h6 22. h5 Rd8 23. Qc2 Qb5 24. c4 Qd7 25. Rb1 Qd4 26. g3 Qd7 27. Re1 Bb4 28. Rb1 Bc5 29. Qe2 Qc6 30. Rc1 Qa4 31. Kh2 Qc6 32. f3 Qa4 33. g4 Ba3 34. Rc2 Be7 35.
Kg2 Qa5 36. Bg3 Bc5 37. f4 Qa4 38. g5 Qc6+ 39. Kh2 hxg5 40. fxg5 Qd7 41. g6 Qe8 42. Qg4 Rd4 43. Qg5 Be7 44. gxf7+ Qxf7 45. Qg6 Bd8 46. c5 Bc7 47. c6 Rd1 48. Qxf7+ Kxf7 49. Bf4 Rd3 50. Kg2 Ke8 51. Rd2 Rxd2+ 52. Bxd2 Bxe5 53. Kf3 Ke7 54. Ke4 Bf6 55. Bf4 Kd8 56. Be5 Bg5 57. Bxg7 Kc7 58. Be5+ Kxc6 59. Bf4 Bf6 60. h6 Kd7 61. h7 1-0

[Event "Gibraltar Masters 18th"]
[Site "Gibraltar"]
[Date "2020.01.25"]
[Round "5.29"]
[White "Quintiliano Pinto, Renato R"]
[Black "Lagarde, Maxime"]
[Result "0-1"]
[ECO "E90"]
[WhiteElo "2471"]
[BlackElo "2651"]
[PlyCount "66"]
[EventDate "2020.01.21"]
[EventType "swiss"]
[EventRounds "10"]
[EventCountry "GGB"]
[SourceTitle "BritBase"]
[Source "John Saunders"]
[SourceDate "2021.06.05"]
[SourceVersion "1"]
[SourceVersionDate "2021.06.05"]
[SourceQuality "1"]
[TimeControl "40/100:0"]
[WhiteClock "0:00:34"]
[BlackClock "0:59:09"]

1. d4 Nf6 2. c4 c5 3. d5 g6 4. Nc3 Bg7 5. Nf3 O-O 6. e4 d6 7. h3 e6 8. Bd3 Nbd7 9. O-O e5 10. Bg5 h6 11. Bd2 Nh7 12. Qc2 Ng5 13. Nh2 Nf6 14. Qc1 Nh5 15. h4 Nh7 16. g3 Bh3 17. Re1 f5 18. exf5 gxf5 19. Bxh6 Qf6 20. Bg5 Qg6 21. g4 Nxg5 22. Qxg5 Qxg5 23. hxg5 fxg4 24. Re4 Rf5 25. Re3 e4 26. Nxe4 Rf4 27. Nxd6 Raf8 28. Bg6 g3 29. Bxh5 Bd4 30. Bf7+ R8xf7 31. Nxf7 Rxf7 32. g6 Rxf2 33. Ng4 Rf3 0-1

[Event "Gibraltar Masters 18th"]
[Site "Gibraltar"]
[Date "2020.01.25"]
[Round "5.30"]
[White "Bulmaga, Irina"]
[Black "Donchenko, Alexander"]
[Result "0-1"]
[ECO "B45"]
[WhiteElo "2446"]
[BlackElo "2647"]
[PlyCount "56"]
[EventDate "2020.01.21"]
[EventType "swiss"]
[EventRounds "10"]
[EventCountry "GGB"]
[SourceTitle "BritBase"]
[Source "John Saunders"]
[SourceDate "2021.06.05"]
[SourceVersion "1"]
[SourceVersionDate "2021.06.05"]
[SourceQuality "1"]
[TimeControl "40/100:0"]
[WhiteClock "0:00:32"]
[BlackClock "0:11:16"]

1. e4 c5 2. Nf3 e6 3. d4 cxd4 4. Nxd4 Nf6 5. Nc3 Nc6 6. Ndb5 Bc5 7. Nd6+ Ke7 8. Bf4 e5 9. Nf5+ Kf8 10. Bg5 d6 11. Qd2 Bxf5 12. exf5 Bb4 13. O-O-O Rc8 14. a3 Bxc3 15. bxc3 Ke7 16. Bc4 Na5 17. Ba2 Rc5 18. Rhe1 Qc7 19. f4 Rc8 20. fxe5 dxe5 21. Qd4 Kf8 22. Qb4 Kg8 23. Bxf6 gxf6 24. Re3 Nc4 25. Rg3+ Kh8 26. a4 a5 27. Qb3 e4 28. Rd4 Qf4+ 0-1

[Event "Gibraltar Masters 18th"]
[Site "Gibraltar"]
[Date "2020.01.25"]
[Round "5.31"]
[White "Moussard, Jules"]
[Black "Gunina, Valentina"]
[Result "1-0"]
[ECO "B11"]
[WhiteElo "2600"]
[BlackElo "2461"]
[PlyCount "97"]
[EventDate "2020.01.21"]
[EventType "swiss"]
[EventRounds "10"]
[EventCountry "GGB"]
[SourceTitle "BritBase"]
[Source "John Saunders"]
[SourceDate "2021.06.05"]
[SourceVersion "1"]
[SourceVersionDate "2021.06.05"]
[SourceQuality "1"]
[TimeControl "40/100:0"]
[WhiteClock "1:01:37"]
[BlackClock "0:06:19"]

1. e4 c6 2. Nc3 d5 3. Nf3 dxe4 4. Nxe4 Nf6 5. Qe2 Nxe4 6. Qxe4 Qa5 7. Qf4 Qf5 8. Qe3 Qxc2 9. Bd3 Qa4 10. O-O f6 11. b3 Qa5 12. Bb2 Na6 13.
Rfe1 Bd7 14. b4 Qd5 15. a3 Nc7 16. Nd4 e6 17. Rac1 Qh5 18.
Be2 Qf7 19. Qg3 Nd5 20. Bc4 e5 21. f4 Bd6 22. fxe5 fxe5 23. Nf3 O-O 24. Bxe5 Bxe5 25. Rxe5 Rad8 26. Bxd5 cxd5 27. Rc7 Qf6 28. d4 h6 29. h3 a6 30. Rxb7 Rf7 31. Rc7 Bf5 32. Rc5 Be4 33. Nd2 Kh7 34. Qe3 Bg6 35. Rcxd5 Rxd5 36. Rxd5 Qh4 37. Re5 Rc7 38. Nf3 Qd8 39. Re6 Qc8 40. Qe5 Rc1+ 41. Kh2 Rc7 42. d5 Bf7 43. d6 Rb7 44. Re7 Rb5 45. d7 Qd8 46. Qe4+ Bg6 47. Qd4 Qc7+ 48. Ne5 Rb8 49. Qc5 1-0

[Event "Gibraltar Masters 18th"]
[Site "Gibraltar"]
[Date "2020.01.25"]
[Round "5.32"]
[White "Kobo, Ori"]
[Black "Santos Latasa, Jaime"]
[Result "1/2-1/2"]
[ECO "A45"]
[WhiteElo "2445"]
[BlackElo "2586"]
[PlyCount "65"]
[EventDate "2020.01.21"]
[EventType "swiss"]
[EventRounds "10"]
[EventCountry "GGB"]
[SourceTitle "BritBase"]
[Source "John Saunders"]
[SourceDate "2021.06.05"]
[SourceVersion "1"]
[SourceVersionDate "2021.06.05"]
[SourceQuality "1"]
[TimeControl "40/100:0"]
[WhiteClock "0:03:53"]
[BlackClock "0:36:31"]

1. d4 Nf6 2. Bg5 c5 3. Bxf6 gxf6 4. d5 Qb6 5. Qc1 f5 6. c4 Bg7 7. Nc3 d6 8. e3 Nd7 9. Qc2 e5 10. Nge2 Nf6 11. Ng3 h5 12. h4 Ng4 13. Rb1 f4 14. exf4 exf4 15. Nge4 Bd7 16. Be2 Kf8 17. Ng5 Re8 18. O-O Qd8 19. Qd2 Be5 20. b4 cxb4 21. Rxb4 b6 22. g3 Rg8 23. Bxg4 Bxg4 24. c5 f6 25. Rxf4 Bxf4 26. Qxf4 Kg7 27. Ne6+ Bxe6 28. dxe6 Rxe6 29. cxb6 axb6 30. Nd5 Re5 31.
Rd1 Rge8 32. Ne3 Kg6 33. Kh2 1/2-1/2

[Event "Gibraltar Masters 18th"]
[Site "Gibraltar"]
[Date "2020.01.25"]
[Round "5.33"]
[White "Kadric, Denis"]
[Black "Womacka, Mathias"]
[Result "1-0"]
[ECO "B23"]
[WhiteElo "2585"]
[BlackElo "2439"]
[PlyCount "67"]
[EventDate "2020.01.21"]
[EventType "swiss"]
[EventRounds "10"]
[EventCountry "GGB"]
[SourceTitle "BritBase"]
[Source "John Saunders"]
[SourceDate "2021.06.05"]
[SourceVersion "1"]
[SourceVersionDate "2021.06.05"]
[SourceQuality "1"]
[TimeControl "40/100:0"]

1. e4 c5 2. Nc3 Nc6 3. Nge2 Nd4 4. b3 e5 5. Nxd4 cxd4 6.
Nd5 a6 7. c3 Nf6 8. Bc4 Bc5 9. O-O d6 10. b4 Ba7 11. Nxf6+ Qxf6 12. Bd5 dxc3 13. dxc3 O-O 14. Kh1 Qe7 15. f4 Be6 16. f5 Bxd5 17. Qxd5 Kh8 18. Bb2 Rac8 19. Rad1 Rc6 20. Rf3 f6 21. Rfd3 Bb8 22. g4 Qf7 23. Kg2 Qxd5 24. Rxd5 g6 25. Kf3 Kg7 26. a4 h5 27. Rg1 Kf7 28. fxg6+ Kxg6 29. gxh5+ Kh7 30. h6 Kxh6 31. Rd3 Rc4 32. Bc1+ Kh5 33. Rg7 d5 34. Kg2 1-0

[Event "Gibraltar Masters 18th"]
[Site "Gibraltar"]
[Date "2020.01.25"]
[Round "5.34"]
[White "Ramirez, Alejandro"]
[Black "Astaneh Lopez, Alex"]
[Result "1/2-1/2"]
[ECO "A11"]
[WhiteElo "2574"]
[BlackElo "2432"]
[PlyCount "94"]
[EventDate "2020.01.21"]
[EventType "swiss"]
[EventRounds "10"]
[EventCountry "GGB"]
[SourceTitle "BritBase"]
[Source "John Saunders"]
[SourceDate "2021.06.05"]
[SourceVersion "1"]
[SourceVersionDate "2021.06.05"]
[SourceQuality "1"]
[TimeControl "40/100:0"]
[WhiteClock "0:20:52"]
[BlackClock "0:25:54"]

1. c4 c6 2. Nf3 Nf6 3. Nc3 d5 4. e3 Bg4 5. Qb3 Qb6 6. Qxb6 axb6 7. cxd5 Bxf3 8. gxf3 cxd5 9. Nb5 Na6 10. b3 e6 11. Bb2 Be7 12. a3 O-O 13. Bd3 Ne8 14. Ke2 Bf6 15. Bxf6 Nxf6 16. b4 Rfd8 17. Rac1 Ne8 18. Rc3 g6 19. Rhc1 Kf8 20. f4 Ke7 21. f3 Rd7 22. e4 dxe4 23. fxe4 Nd6 24. Nxd6 Rxd6 25. e5 Rd7 26. Be4 Kd8 27. d4 Rb8 28. Ke3 Nc7 29. a4 Ra8 30. Bxb7 Rxa4 31. Bc6 Nd5+ 32. Bxd5 Rxd5 33. Rc8+ Ke7 34. Rb8 Rxb4 35. Rc7+ Rd7 36. Rcc8 Rb3+ 37. Kd2 Ra7 38. Kc2 Rf3 39. Re8+ Kd7 40. Red8+ Kc6 41. Rd6+ Kc7 42. Rbxb6 Rf2+ 43. Kc3 Rxf4 44. Rbc6+ Kb7 45. Rc5 Ra1 46.
Rd7+ Kb6 47. Rd6+ Kb7 1/2-1/2

[Event "Gibraltar Masters 18th"]
[Site "Gibraltar"]
[Date "2020.01.25"]
[Round "5.35"]
[White "Li, Di"]
[Black "Mendonca, Leon Luke"]
[Result "1/2-1/2"]
[ECO "E15"]
[WhiteElo "2562"]
[BlackElo "2417"]
[PlyCount "70"]
[EventDate "2020.01.21"]
[EventType "swiss"]
[EventRounds "10"]
[EventCountry "GGB"]
[SourceTitle "BritBase"]
[Source "John Saunders"]
[SourceDate "2021.06.05"]
[SourceVersion "1"]
[SourceVersionDate "2021.06.05"]
[SourceQuality "1"]
[TimeControl "40/100:0"]
[WhiteClock "0:02:40"]
[BlackClock "0:09:15"]

1. Nf3 Nf6 2. d4 e6 3. c4 b6 4. g3 Ba6 5. b3 Bb4+ 6. Bd2 Be7 7. Bg2 d5 8. Ne5 O-O 9. O-O Bb7 10. Bc3 c5 11. dxc5 bxc5 12. Nd2 Nbd7 13. cxd5 exd5 14. Ndc4 Nxe5 15. Bxe5 Rc8 16. Qc2 Qd7 17. Rad1 Qe6 18. Ba1 Bc6 19. Ne5 Ba8 20. Rfe1 Rfd8 21. e3 Bd6 22. Nf3 h6 23. Qc3 Bf8 24. Qa5 Qb6 25. Qxb6 axb6 26. Bxf6 gxf6 27. a4 d4 28. Nd2 dxe3 29. fxe3 Bxg2 30. Kxg2 Rd3 31. Kf3 c4 32. Nxc4 Rxb3 33. Nd6 Bxd6 34. Rxd6 Kg7 35. Rd4 Rc5 1/2-1/2

[Event "Gibraltar Masters 18th"]
[Site "Gibraltar"]
[Date "2020.01.25"]
[Round "5.36"]
[White "Buksa, Nataliya"]
[Black "Ali Marandi, Cemil Can"]
[Result "1-0"]
[ECO "B32"]
[WhiteElo "2403"]
[BlackElo "2546"]
[PlyCount "79"]
[EventDate "2020.01.21"]
[EventType "swiss"]
[EventRounds "10"]
[EventCountry "GGB"]
[SourceTitle "BritBase"]
[Source "John Saunders"]
[SourceDate "2021.06.05"]
[SourceVersion "1"]
[SourceVersionDate "2021.06.05"]
[SourceQuality "1"]
[TimeControl "40/100:0"]
[WhiteClock "0:08:32"]
[BlackClock "0:00:43"]

1. e4 c5 2. Nf3 Nc6 3. d4 cxd4 4. Nxd4 e5 5. Nb5 d6 6. N1c3 a6 7. Na3 b5 8. Nd5 Nge7 9. Bg5 f6 10. Be3 Nxd5 11. exd5 Ne7 12. c4 Nf5 13. cxb5 Nxe3 14. fxe3 Be7 15. Nc2 O-O 16. Nb4 f5 17. Nc6 Qe8 18. Qb3 f4 19. e4 Bh4+ 20. g3 fxg3 21. O-O-O axb5 22. hxg3 Bg5+ 23. Kb1 Bg4 24. Bxb5 Qg6 25. Rdf1 Qxe4+ 26. Bd3 Rxf1+ 27. Rxf1 Qa4 28. Qxa4 Rxa4 29. b3 Ra8 30. a4 Bh3 31. Rf2 g6 32. a5 Bd7 33. b4 Kg7 34. b5 e4 35. Bxe4 Re8 36. Bd3 Re1+ 37. Ka2 Rd1 38. b6 Rxd3 39. b7 Bxc6 40. dxc6 1-0

[Event "Gibraltar Masters 18th"]
[Site "Gibraltar"]
[Date "2020.01.25"]
[Round "5.37"]
[White "Houska, Jovanka"]
[Black "Studer, Noel"]
[Result "0-1"]
[ECO "D02"]
[WhiteElo "2401"]
[BlackElo "2546"]
[PlyCount "142"]
[EventDate "2020.01.21"]
[EventType "swiss"]
[EventRounds "10"]
[EventCountry "GGB"]
[SourceTitle "BritBase"]
[Source "John Saunders"]
[SourceDate "2021.06.05"]
[SourceVersion "1"]
[SourceVersionDate "2021.06.05"]
[SourceQuality "1"]
[TimeControl "40/100:0"]
[WhiteClock "0:56:31"]
[BlackClock "0:07:15"]

1. d4 d5 2. Nf3 Nf6 3. Bf4 c5 4. e3 Nc6 5. Nbd2 Qb6 6. dxc5 Qxb2 7. Rb1 Qc3 8. Bb5 e6 9. O-O Be7 10. Ne5 Bd7 11. Nd3 O-O 12. Bc7 b6 13.
a4 Ne8 14. Be5 Nxe5 15. Rb3 Qa5 16. Nxe5 Bxb5 17. axb5 bxc5 18. b6 Qa6 19. b7 Rb8 20. Nd7 Rxb7 21. Rxb7 Qxb7 22. Nxf8 Kxf8 23. Qa1 Bd8 24. Rb1 Bb6 25. c4 Qc7 26. Rc1 Nf6 27. h3 h6 28. Qa3 Kg8 29. Qd3 Ba5 30. Nb3 Bb4 31. Qc2 Ne4 32. Qd3 Nf6 33.
Qc2 Ne4 34. Qd3 Qe5 35. f3 dxc4 36. Qxc4 Nd2 37. Qd3 Nxb3 38. Qxb3 Bd2 39. Rb1 Bxe3+ 40. Kf1 Bf4 41. Qa4 Qc3 42. Rd1 Be3 43. Rd8+ Kh7 44. Qe4+ g6 45. Rd7 Kg8 46. Qd3 Qa1+ 47. Qd1 Qa5 48. Qd6 Bd4 49. Qe7 Qb5+ 50. Ke1 Qb1+ 51. Kd2 Qb2+ 52. Kd1 Qb3+ 53. Kd2 Qc3+ 54. Kd1 Qd3+ 55. Ke1 Qe3+ 56. Kd1 Qg1+ 57. Kc2 Qxg2+ 58. Kc1 Qb2+ 59. Kd1 Qb3+ 60. Kd2 Qc3+ 61. Kd1 Qxf3+ 62. Kd2 Qg2+ 63. Kd1 Qg1+ 64. Ke2 Qf2+ 65. Kd1 Qf1+ 66. Kd2 Qf4+ 67. Kd1 a5 68. Rd8+ Kg7 69. Qf8+ Kf6 70. Rd7 Qf3+ 71. Kd2 Qe3+ 0-1